Map: Overgrown Facility

Players

ILIEKEGGPIE - Winner!

  • Race: Zerg Zerg
  • League: Platinum
  • Spawn Location: 9:00

catun - Winner!

  • Race: Terran Terran
  • League: Silver
  • Spawn Location: 7:00

Robbog

  • Race: Zerg Zerg
  • League: Silver
  • Spawn Location: 3:00

pasglopglop

  • Race: Terran Terran
  • Spawn Location: 1:00

VOD

Have the link to the VOD?

Description

Time

  • Played on: April 27, 2018, 11:46 a.m.
  • Length: 16:09
Show
View Real Time Build Order
Export as new Build Order

ILIEKEGGPIE Zerg - Winner!

Build Orders: Pool First 

Get SALT Encoding   

  12  0:01  Drone  
  13  0:08  Drone  
  14  0:17  Overlord  
  14  0:36  Drone  
  14  0:40  Spawning Pool  
  14  0:42  Drone  
  15  0:45  Drone  
  16  0:52  Drone  
  17  1:13  Hatchery  
  16  1:23  Drone x3  
  19  1:25  Extractor  
  18  1:34  Drone  
  18  1:36  Queen  
  21  1:53  Overlord  
  21  2:01  Drone  
  22  2:20  Drone  
  22  2:21  Drone  
  24  2:24  Queen  
  24  2:29  Drone  
  28  2:30  Drone  
  28  2:31  Metabolic Boost  
  28  2:37  Extractor  
  28  2:43  Queen  
  29  2:51  Zergling x6  
  29  2:53  Drone x2  
  29  2:54  Drone  
  35  2:58  Overlord  
  35  3:07  Drone  
  36  3:27  Drone x4  
  40  3:44  Drone x4  
  40  3:48  Lair  
  44  3:54  Overlord  
  44  3:55  Overlord  
  44  3:59  Extractor  
  44  4:00  Extractor, Drone  
  43  4:11  Hatchery  
  43  4:14  Zergling x14  
  45  4:30  Zergling x2  
  45  4:31  Zergling x6  
  49  4:43  Overlord x2  
  49  5:00  Drone  
  49  5:01  Drone x2  
  51  5:11  Drone x2  
  53  5:20  Drone x4  
  51  6:07  Spire  
  49  6:28  Drone x3  
  49  6:29  Drone x3  
  49  6:30  Drone x2  
  57  6:33  Overlord x3  
  56  6:44  Drone  
  56  6:45  Drone x3  
  60  7:22  Mutalisk x7  
  61  7:23  Mutalisk x6  
  61  7:27  Mutalisk x4  
  93  7:33  Extractor  
  93  7:34  Extractor, Drone x4  
  93  7:36  Overlord  
  95  7:52  Zerg Flyer Weapons Level 1  
  95  8:08  Queen  
  97  8:15  Drone x5  
  97  8:16  Overlord x3  
  97  8:17  Overlord  
  102  8:23  Drone x4  
  105  8:42  Mutalisk x6  
  105  8:43  Mutalisk x3  
  123  9:00  Hatchery  
  122  9:03  Zergling x2  
  122  9:04  Overlord x4  
  123  9:23  Mutalisk  
  123  9:24  Mutalisk x5  
  135  9:36  Drone x5  
  135  9:37  Drone  
  101  10:07  Roach Warren  
  96  10:18  Drone x4  
  96  10:19  Drone  
  101  10:24  Extractor  
  101  10:27  Extractor  
  87  10:48  Zergling x2  
  87  10:49  Zergling x30  
  99  11:06  Zergling x2  
  99  11:07  Zergling x8  
  102  11:20  Zergling x12  
  108  11:28  Glial Reconstitution  
  108  11:30  Drone  
  108  11:31  Drone x7  
  97  12:05  Pneumatized Carapace  
  92  12:13  Overseer x2  
  86  12:27  Queen  
  86  12:44  Roach  
  86  12:45  Roach x21  
  86  12:50  Queen  
  132  13:26  Roach x8  
  132  13:27  Roach x10  
  168  13:28  Overlord x4  
  144  14:17  Roach x8  
  144  14:18  Roach x19  
  196  14:28  Overseer  
  186  14:54  Evolution Chamber  
  186  14:56  Evolution Chamber  
  184  15:01  Evolution Chamber  
  183  15:10  Roach x3  
  183  15:11  Roach x5  
Show
View Real Time Build Order
Export as new Build Order

catun Terran - Winner!

Build Orders:  

Get SALT Encoding   

  12  0:01  SCV  
  13  0:18  Supply Depot, SCV  
  14  0:30  SCV  
  15  0:41  Barracks  
  15  0:49  SCV  
  16  1:16  Refinery  
  16  1:19  SCV  
  17  1:30  Refinery  
  17  1:32  Supply Depot  
  17  1:33  Barracks  
  17  1:35  Orbital Command  
  17  1:39  Marine  
  18  1:57  Marine  
  19  2:07  Barracks  
  19  2:08  SCV  
  20  2:17  Marine  
  21  2:24  Factory  
  21  2:26  Marine  
  22  2:34  Marine  
  23  2:37  SCV  
  24  2:44  Marine  
  24  2:49  SCV  
  26  3:00  Barracks Reactor  
  26  3:01  SCV  
  26  3:02  Barracks Tech Lab  
  27  3:13  Starport, SCV  
  27  3:16  Marine  
  29  3:21  Factory Reactor  
  29  3:26  SCV  
  30  3:42  Marine  
  31  3:49  Supply Depot  
  31  4:10  Marine  
  31  4:12  Factory Tech Lab  
  31  4:13  Supply Depot  
  32  4:22  Command Center  
  32  4:27  Marine x2  
  32  4:29  Medivac x2  
  38  4:31  Marine  
  38  4:34  Marine  
  40  4:38  Supply Depot  
  40  4:52  Marine x4  
  44  5:03  Engineering Bay  
  44  5:26  Marine x4  
  48  5:44  Marine x4  
  45  6:01  Marine  
  45  6:02  Marine x2  
  42  6:35  Medivac x2  
  42  6:37  Marine  
  42  6:38  Marine x2  
  49  6:40  Siege Tank  
  49  6:45  SCV  
  53  6:48  SCV  
  53  6:57  SCV  
  53  7:00  SCV  
  54  7:09  SCV  
  54  7:12  SCV  
  56  7:21  SCV  
  56  7:24  SCV  
  56  7:27  Refinery x2  
  57  7:33  SCV  
  57  7:36  SCV  
  59  7:45  Orbital Command  
  59  7:47  Terran Infantry Weapons Level 1  
  59  7:52  Armory  
  59  7:55  Siege Tank  
  59  7:56  Marine x2  
  59  7:57  Marine x2  
  63  8:14  Marine x3  
  63  8:15  Marine  
  67  8:32  Marine x2  
  69  8:34  Marine x2  
  69  8:38  Siege Tank  
  74  8:42  Armory  
  74  8:50  Marine x2  
  74  8:52  Marine x2  
  78  9:07  Marine  
  78  9:08  Marine, Medivac x2  
  84  9:10  Marine x2  
  86  9:41  Terran Infantry Armor Level 1  
  86  9:49  Terran Vehicle Weapons Level 1  
  86  9:50  Terran Vehicle And Ship Armor Level 1  
  86  9:58  Starport  
  86  10:02  Starport, Starport Tech Lab  
  86  10:12  Marine  
  86  10:34  Marine  
  86  10:35  Marine  
  86  10:37  Marine  
  80  10:52  Marine  
  80  10:53  Marine  
  72  11:32  Starport Tech Lab  
  62  11:35  Starport Tech Lab  
  62  11:38  Fusion Core  
  53  11:40  Starport  
  48  11:50  Marine x3  
  48  11:51  Marine  
  52  11:54  Combat Shield  
  52  11:56  Terran Vehicle Weapons Level 2  
  52  11:57  Terran Vehicle And Ship Armor Level 2  
  52  12:08  Marine x4  
  56  12:20  Starport Tech Lab  
  56  12:26  Marine x4  
  60  12:33  Battlecruiser  
  60  12:34  Battlecruiser x2  
  78  12:44  Marine x2  
  79  12:46  Command Center  
  79  12:48  Terran Infantry Weapons Level 2  
  80  13:11  Weapon Refit  
  80  13:13  Stimpack  
  80  13:37  Battlecruiser  
  86  13:44  Battlecruiser x2  
  98  14:12  Terran Ship Weapons Level 1  
Show
View Real Time Build Order
Export as new Build Order

Robbog Zerg 

Build Orders: Pool First 

Get SALT Encoding   

  12  0:08  Overlord  
  12  0:14  Drone  
  12  0:18  Drone  
  14  0:27  Drone  
  15  0:33  Drone  
  16  0:46  Spawning Pool  
  16  0:47  Drone  
  16  0:57  Drone  
  17  1:04  Extractor, Drone  
  17  1:16  Drone  
  18  1:28  Drone  
  19  1:40  Zergling x2  
  19  1:41  Queen  
  22  1:55  Overlord  
  22  2:14  Zergling x4  
  24  2:21  Zergling x2  
  25  2:32  Hatchery  
  24  2:43  Overlord x2  
  24  3:07  Lair  
  24  3:08  Metabolic Boost  
  24  3:10  Zergling x6  
  27  3:21  Roach Warren  
  26  3:39  Overlord, Extractor  
  25  3:41  Overlord  
  25  3:43  Overlord  
  25  3:46  Zergling x6  
  28  3:56  Drone  
  28  3:57  Drone, Queen  
  31  4:23  Zergling x8  
  29  4:31  Drone x3  
  32  4:38  Roach  
  34  4:51  Roach x2  
  38  4:54  Roach x2  
  38  4:55  Glial Reconstitution, Roach  
  38  4:59  Burrow  
  44  5:02  Drone x2  
  44  5:11  Roach  
  46  5:16  Spine Crawler  
  45  5:33  Roach x3  
  51  5:43  Spine Crawler  
  51  5:47  Spine Crawler  
  25  6:30  Zergling x4  
  25  6:31  Zergling x2  
  10  7:25  Drone x3  
  10  7:26  Drone  
  10  7:29  Drone x3  
  3  8:43  Drone x2  
  3  8:44  Drone  
Show
View Real Time Build Order
Export as new Build Order

pasglopglop Terran 

Build Orders:  

Get SALT Encoding   

  12  0:45  Engineering Bay  
  12  1:11  Refinery  
  12  1:18  Supply Depot  
  11  1:24  SCV  
  12  1:57  Barracks  
  12  2:13  Supply Depot  
  12  2:44  Barracks  
  12  2:48  Marine  
  13  3:00  Bunker  
  13  3:05  SCV  
  14  3:17  SCV  
  15  3:29  Marine  
  16  3:34  Marine  
  17  3:41  Orbital Command  
  17  3:47  Marine  
  18  3:50  Refinery  
  18  3:53  Refinery  
  18  4:36  Command Center  
  18  4:39  SCV  
  18  4:45  Barracks Tech Lab  
  19  4:51  SCV  
  20  5:03  SCV  
  20  5:04  Barracks Tech Lab  
  21  5:16  SCV  
  22  5:25  Refinery  
  22  5:28  Refinery, SCV  
  23  5:29  Ghost Academy  
  23  5:40  SCV  
  24  5:48  Supply Depot  
  24  5:50  Orbital Command  
  24  5:52  SCV  
  29  6:20  Engineering Bay  
  29  6:24  Engineering Bay  
  29  6:29  SCV  
  30  6:41  Unknown x2  
  34  6:49  Missile Turret  
  34  6:52  Personal Cloaking  
  34  7:02  Terran Infantry Weapons Level 1, Terran Infantry Armor Level 1  
  34  7:09  Factory  
  34  7:12  Unknown x2  
  34  7:37  Factory  
  38  8:08  Unknown x2  
  40  8:20  Widow Mine  
  40  8:21  Widow Mine  
  40  8:25  Barracks  
  42  8:27  Barracks  
  42  8:28  SCV x2  
  44  8:40  SCV x2  
  48  8:41  Widow Mine  
  48  8:42  Widow Mine  
  50  8:52  SCV  
  51  9:15  SCV x2  
  53  9:21  Barracks Tech Lab x2  
  53  9:25  Armory  
  53  9:27  SCV  
  54  9:41  SCV  
  54  9:53  SCV  
  54  9:54  SCV  
  58  10:51  Unknown x4  
  58  10:52  Terran Infantry Armor Level 2, Terran Infantry Weapons Level 2  
  32  11:51  Unknown  
  32  11:52  Unknown  
  32  12:20  Unknown  
  34  12:28  Unknown  
  36  12:40  SCV x2  
  38  12:48  Unknown  
  38  12:57  Unknown  
  38  13:01  Factory Reactor  
  38  13:07  Starport  
  38  13:14  Supply Depot  
  38  13:16  Supply Depot  
  38  13:35  Siege Tank, SCV  
  38  13:37  SCV  
  47  13:47  SCV  
  48  13:49  SCV  
  49  14:04  Unknown x2  
  36  14:32  Unknown x2  
  34  14:52  Missile Turret x2  
  31  15:02  Missile Turret  
Tags
 
Add a new tag
Caveats
  • Supply blocks, unpowered buildings, or Contaminate may cause inaccurate times.
  • Supply counts are checked every 10 seconds.